 Dungeon Crawl Stone Soup version 0.23.2-33-g5129a83 (webtiles) character file.

Game seed: 3436951281094349641

160 thomd the Poker (level 5, 0/38 HPs)
             Began as a Demonspawn Gladiator on Aug 2, 2019.
             Succumbed to a worker ant's poison
             ... on level 2 of the Dungeon.
             The game lasted 00:06:12 (2161 turns).

thomd the Poker (Demonspawn Gladiator)              Turns: 2161, Time: 00:06:12

Health: 0/38       AC:  4    Str: 14    XL:     5   Next: 17%
Magic:  1/5        EV: 12    Int: 10    God:
Gold:   60         SH:  0    Dex: 15    Spells: 4/4 levels left

rFire    . . .     SeeInvis .   a - +0 trident
rCold    . . .     Gourm    .   (no shield)
rNeg     + . .     Faith    .   b - +0 leather armour
rPois    .         Spirit   +   c - +0 helmet
rElec    .         Reflect  .   o - scarf {Spirit}
rCorr    .         Harm     .   (no gloves)
MR       .....                  (no boots)
Stlth    +.........             (no amulet)
HPRegen  0.12/turn              g - ring of positive energy
MPRegen  0.09/turn              i - ring of flight

@: lethally poisoned (0 -> -3), hasted, very quick
A: hooves 2
a: Evoke Flight


You were on level 2 of the Dungeon.
You were not hungry.

You visited 1 branch of the dungeon, and saw 3 of its levels.

You collected 60 gold pieces.

Inventory:

Hand Weapons
 a - a +0 trident (weapon)
Missiles
 d - 3 throwing nets (quivered)
Armour
 b - a +0 leather armour (worn)
 c - a +0 helmet (worn)
 o - a scarf of spirit shield (worn)
Jewellery
 g - a ring of positive energy (left hand)
 i - a ring of flight (right hand)
Scrolls
 h - a scroll of blinking {unknown}
 l - a scroll of remove curse
 m - a scroll of teleportation {unknown}
 n - a scroll of noise {unknown}
Comestibles
 f - 5 rations
 k - 2 chunks of flesh


   Skills:
 - Level 2.0 Fighting
 * Level 5.4 Polearms
 - Level 1.7 Throwing
 - Level 2.6 Dodging


You had 4 spell levels left.
You didn't know any spells.
Your spell library was empty.

Dungeon Overview and Level Annotations

Branches:
Dungeon (3/15)

Altars:
Dithmenos
Xom

Annotations:
D:2 Sigmund


Innate Abilities, Weirdness & Mutations

You have hoof-like feet.


Message History

The worker ant is almost dead.
You feel sick. The worker ant closely misses you.
You barely miss the worker ant.
The worker ant is almost dead.
The worker ant bites you but does no damage.
The worker ant completely misses you.
You closely miss the worker ant. You kick the worker ant.
The worker ant is almost dead.
You feel sick. The worker ant bites you.
* * * LOW HITPOINT WARNING * * *
You feel magically purged. The worker ant barely misses you.
You hit the worker ant but do no damage.
You kick the worker ant.
You kill the worker ant!
You have reached level 5!
It was a potion of haste.
You feel yourself speed up.
* * * LOW HITPOINT WARNING * * *
You feel sick.
You see here a worker ant corpse.
You die...

#.........................
#.........................
#..############.##.##.....
#..# #.##........ #..#
##### #.##..#....# #..#
#...# #.##..#....# #..#
#...#####.##..#....#
#..####.............#....#
#........@...............#
#..#...#............#..#.#
#..#..†#.....#..###.#..#..
#..#..>#.....#..# #.#....#
#..#...#>....#..###.#....<
#.##...#.#+###......####.#
#.##...#............# #.#
#.##...#.#.###..########.#
#.######.#.###............


There were no monsters in sight!

Vanquished Creatures
  A worker ant (D:2)
  Robin (D:2)
  4 gnolls
  2 adders
  2 dart slugs (D:2)
  2 leopard geckos
  An orc (D:2)
  A ball python (D:2)
  6 giant cockroaches
  15 goblins
  3 hobgoblins
  2 jackals (D:3)
  A quokka (D:2)
  7 bats
  8 frilled lizards
  2 kobolds
  4 rats (D:1)
62 creatures vanquished.

Notes
Turn   | Place    | Note
-------+----------+-------------------------------------------
     0 | D:1      | thomd the Demonspawn Gladiator began the quest for the Orb.
     0 | D:1      | Reached XP level 1. HP: 16/16 MP: 1/1
    30 | D:1      | Reached skill level 3 in Polearms
    30 | D:1      | Gained mutation: You have large cloven feet. [demonic
                  | ancestry]
    30 | D:1      | Reached XP level 2. HP: 10/22 MP: 2/2
   351 | D:1      | Found a shimmering altar of Xom.
   717 | D:1      | Reached XP level 3. HP: 27/27 MP: 3/3
   920 | D:2      | Noticed Robin
   927 | D:2      | Reached skill level 4 in Polearms
   950 | D:2      | Killed Robin
   953 | D:2      | HP: 2/40 [goblin/+0 dagger[Robin] (4)]
   964 | D:2      | HP: 1/27 [adder (1)]
   975 | D:2      | Gained mutation: You have hoof-like feet. [demonic
                  | ancestry]
   975 | D:2      | Reached XP level 4. HP: 13/33 MP: 4/4
  1328 | D:2      | Noticed Sigmund
  2096 | D:3      | Found a shadowy altar of Dithmenos.
  2115 | D:3      | Reached skill level 5 in Polearms
  2152 | D:2      | HP: 1/33 [worker ant (3)]
  2154 | D:2      | Reached XP level 5. HP: 1/38 MP: 0/5
  2161 | D:2      | Succumbed to a worker ant's poison

Skill      XL: |  1  2  3  4 |
---------------+-------------+-----
Polearms       | 3 4 5 |  5.4
Fighting       | |  2.0
Throwing       | |  1.7
Dodging        | |  2.6

Action                   |  1- 3 |  4- 6 || total
-------------------------+-------+-------++-------
Melee: Trident           |   101 |    80 ||   181
       Kick              |    13 |    21 ||    34
  Use: Potion            |     3 |     3 ||     6
       Scroll            |     3 |       ||     3
  Eat: Chunk             |       |     4 ||     4
Armor: Leather armour    |    37 |    27 ||    64
       Skin              |    30 |     5 ||    35
Dodge: Dodged            |    58 |    79 ||   137
